 Dungeon Crawl Stone Soup version 0.29.1-1-gd02db6906a (webtiles) character file.

Game seed: 10122981343332128716

50 Sabo the Magician (level 3, -5/19 HPs)
             Began as a Deep Elf Air Elementalist on Sept 21, 2022.
             Slain by a +2 glaive of flaming (11 damage)
             ... created by the rancor of the Wu Jian Council
             ... on level 2 of the Dungeon.
             The game lasted 00:11:56 (3158 turns).

Sabo the Magician (Deep Elf Air Elementalist)       Turns: 3158, Time: 00:11:56

Health: -5/19      AC:  3    Str:  5    XL:     3   Next: 55%
Magic:  10/10      EV: 12    Int: 21    God:
Gold:   146        SH:  0    Dex: 15    Spells: 9/10 levels left

rFire   . . .      SeeInvis .   k - +2 dagger (drain)
rCold   . . .      Faith    .   (no shield)
rNeg    . . .      Spirit   .   a - +0 robe
rPois   .          Reflect  .   (no helmet)
rElec   .          Harm     .   (no cloak)
rCorr   .          Rampage  .   t - +0 pair of gloves
Will    .....                   (no boots)
Stlth   ++........              (no amulet)
HPRegen 0.06/turn               f - ring of wizardry
MPRegen 0.12/turn               (no ring)

@: slowed, very slow
A: no striking features
a: no special abilities


You were on level 2 of the Dungeon.
You visited 1 branch of the dungeon, and saw 2 of its levels.

You collected 146 gold pieces.

Inventory:

Hand Weapons
 c - a +0 mace
 k - a +2 dagger of draining (weapon)
 o - a +0 hand axe
 s - a +0 sling
Missiles
 q - 5 poisoned darts
Armour
 a - a +0 robe (worn)
 t - a +0 pair of gloves (worn)
Jewellery
 f - a ring of wizardry (left hand)
Scrolls
 d - a scroll of silence {unknown}
 e - a scroll of poison
 h - a scroll of noise {unknown}
 l - 2 scrolls of teleportation {unknown}
 n - a scroll of fear {unknown}
 p - 3 scrolls of identify {unknown}
Potions
 b - a potion of magic
 g - a potion of attraction {unknown}
 i - a potion of lignification {unknown}
 j - a potion of berserk rage {unknown}
 m - a potion of heal wounds {unknown}
 r - 2 potions of curing {unknown}
 u - a potion of ambrosia {unknown}
 v - a potion of experience {unknown}


   Skills:
 + Level 0.2 Maces & Flails
 + Level 2.6 Dodging
 + Level 2.8 Stealth
 + Level 4.0 Spellcasting
 + Level 1.5 Conjurations
 + Level 3.5 Air Magic


You had 9 spell levels left.
You knew the following spells:

 Your Spells              Type           Power      Damage    Failure   Level
a - Shock                 Conj/Air       56%        1d6       1%          1

Your spell library contained the following spells:

 Spells                   Type           Power      Damage    Failure   Level
 Static Discharge         Conj/Air       14%        3-5/arc   2%          2
 Swiftness                Air            19%        N/A       3%          3
 Freeze                   Ice            16%        1d4       4%          1
 Airstrike                Air            9%         2d(2-18)  11%         4
 Frozen Ramparts          Ice            8%         1d2       14%         3
 Hailstorm                Conj/Ice       7%         3d4       32%         4


Dungeon Overview and Level Annotations

Branches:
Dungeon (2/15)

Altars:
Wu Jian


Message History

Confirm with . or Enter, or press ? or * to list all spells.
Aiming: Shock (safe; 1% risk of failure)
Press: ? - help, Shift-Dir - straight line, f - frilled lizard
Aim: a frilled lizard (asleep, 100% to hit)
The zap hits the frilled lizard.
You kill the frilled lizard!
You start resting.
Magic restored.
A rat comes into view.
Casting: Shock (safe; 1% risk of failure)
Confirm with . or Enter, or press ? or * to list all spells.
Aiming: Shock (safe; 1% risk of failure)
Press: ? - help, Shift-Dir - straight line, f - rat
Aim: a rat (asleep, 100% to hit)
The zap hits the rat.
You kill the rat!
You start resting.
Magic restored.
A rat comes into view.
Casting: Shock (safe; 1% risk of failure)
Confirm with . or Enter, or press ? or * to list all spells.
Aiming: Shock (safe; 1% risk of failure)
Press: ? - help, Shift-Dir - straight line, f - rat
Aim: a rat (wandering, hasn't noticed you, 71% to hit)
The zap hits the rat.
You kill the rat!
You start resting.
Magic restored.
You start waiting.
Sifu Lu Zhishen whispers: Nowhere to run...
The divine experience drains your vigour!
You feel as though you will be slow longer. 5 dancing weapons come into view.
There is a +3 quarterstaff of flaming.
There is a +2 quarterstaff of flaming.
There is a +2 dire flail of electrocution.
There is a +2 glaive of flaming.
There is a +1 vorpal glaive.
The +2 dire flail of electrocution attacks as you move away!
The +2 dire flail of electrocution hits you!
Ouch! That really hurt!
The +2 glaive of flaming hits you from afar!
Ouch! That really hurt!
You die...

#............
#........... #..........
#####........#
#.......†....#
#............###
#..............#
#..(.....##....# ####
####.(..@...##....# #..##
#...(.(.....##....# #.#.#
#.......(########.###...#
#........# #...#.#..
#........# ###.....#
#........# ###.#..
#........# #...#
########## #.#.# #(.##


You could see 5 dancing weapons.

Vanquished Creatures
  An orc (D:2)
  6 bats (D:1)
  An endoplasm (D:2)
  4 giant cockroaches
  3 goblins
  A hobgoblin (D:1)
  5 jackals (D:1)
  2 quokkas (D:1)
  5 ball pythons
  2 frilled lizards (D:2)
  8 kobolds
  8 rats
46 creatures vanquished.

Notes
Turn   | Place    | Note
-------+----------+-------------------------------------------
     0 | D:1      | Sabo the Deep Elf Air Elementalist began the quest for the
                  | Orb.
     0 | D:1      | Reached XP level 1. HP: 10/10 MP: 6/6
   724 | D:1      | Reached XP level 2. HP: 10/15 MP: 2/8
  1053 | D:1      | Found a faded altar of an unknown god.
  1067 | D:1      | Prayed at the altar of an unknown god.
  1067 | D:1      | Became a worshipper of the Wu Jian Council
  1067 | D:1      | Reached * piety under Wu Jian
  1243 | D:1      | Fell from the grace of Wu Jian
  2080 | D:1      | Reached XP level 3. HP: 16/19 MP: 10/10
  2927 | D:2      | Reached skill level 4 in Spellcasting
  3156 | D:2      | Noticed a +3 quarterstaff of flaming
  3156 | D:2      | Noticed a +2 quarterstaff of flaming
  3156 | D:2      | Noticed a +2 dire flail of electrocution
  3156 | D:2      | Noticed a +2 glaive of flaming
  3156 | D:2      | Noticed a +1 vorpal glaive
  3158 | D:2      | Slain by a +2 glaive of flaming

Illustrated notes

Levels and vault maps discovered:
D:1:      saegor_arrival_simple_d, layout_loops_ring,
          shapermc_ecumenical_altar_pompeii, minmay_split_cup_small
D:2:      minmay_spotlight, layout_basic

Skill      XL: |  1  2  3 |
---------------+----------+-----
Spellcasting   | 4 |  4.0
Maces & Flails | |  0.2
Dodging        | |  2.6
Stealth        | |  2.8
Conjurations   | |  1.5
Air Magic      | |  3.5

Action                   || total
-------------------------++-------
Melee: Mace              ||    26
       Dagger            ||     2
 Cast: Shock             ||    69
Invok: Renounce Religion ||     1
  Use: Scroll            ||     1
 Stab: Sleeping          ||     1
Armor: Robe              ||     9
Dodge: Dodged            ||    22
